 Dungeon Sprint DCSS version 0.31-a0-435-g2c6fae2916 (webtiles) character file.

Game seed: 7725871645809995163

345 rocky1 the Grappler (level 6, -8/56 HPs)
             Began as a Draconian Shapeshifter on Aug 2, 2023.
             Was an Initiate of Gozag.
             Killed by divine providence
             ... invoked by an orc priest
              (15 damage)
             ... in the Dungeon (Sprint VII: "The Pits").
             The game lasted 00:01:22 (422 turns).

rocky1 the Grappler (Draconian Shapeshifter)         Turns: 422, Time: 00:01:23

Health: -8/56      AC:  6    Str: 17    XL:     6   Next: 32%
Magic:  6/6        EV: 13    Int: 10    God:    Gozag
Gold:   594        SH:  0    Dex: 12    Spells: 5/5 levels left

rFire   . .          .
                       - Unarmed
rCold   . . .        (no shield)
rNeg    . . .        (body armour unavailable)
rPois   .            (helmet currently unavailable)
rElec   .            (cloak currently unavailable)
rCorr   .            (gloves currently unavailable)
SInv    .            (boots currently unavailable)
Will    .....        (no amulet)
Stlth   +            (no ring)
HPRegen 0.29/turn    (no ring)
MPRegen 0.10/turn

%: no teleportation
@: beast-form, gold aura
A: beast (slay +4), AC +6, unfitting armour, cold-blooded
a: Begin Untransformation, Renounce Religion, Potion Petition, Call Merchant,
Bribe Branch


You were in the Dungeon.
You worshipped Gozag.
Gozag was pleased with you.
You were a hulking beast.
You visited 1 branch You collected 594 gold pieces.

Inventory:

Talismans
 b - a beast talisman (active)
Scrolls
 h - a scroll of blinking
 j - 5 scrolls of amnesia
 k - a scroll of butterflies
Potions
 a - a potion of lignification
 c - 6 potions of curing
 d - 2 potions of heal wounds
 e - a potion of haste
 f - 4 potions of magic
 g - 2 potions of berserk rage
 i - 2 potions of invisibility


   Skills:
 * Level 5.1 Fighting
 * Level 4.7 Dodging
 + Level 0.9 Stealth
 * Level 10.0 Unarmed Combat
 + Level 6.3 Shapeshifting


You had 5 spell levels left.
You didn't know any spells.
Your spell library was empty.

Dungeon Overview and Level Annotations

Branches:
Dungeon (1/1)

Altars:
Ashenzari
Cheibriados
Dithmenos
Elyvilon
Fedhas
Gozag
Hepliaklqana
Kikubaaqudgha
Makhleb
Nemelex Xobeh
Okawaru
Qazlal
Ru
Sif Muna
Trog
Uskayaw
Vehumet
Wu Jian
Xom
Yredelemnul
Zin
The Shining One
Jiyva
Lugonu


Innate Abilities, Weirdness & Mutations

You are a hulking beast.
Your limbs bulge with bestial killing power. (Slay +4)
Your plain brown scales are hard. (AC +6)
You cannot fit into any form of body armour.
You are cold-blooded and may be slowed by cold attacks.


Message History

The flying skull closely misses you.
You hit the flying skull.
Your tail-slap misses the flying skull.
The flying skull is heavily damaged.
The flying skull hits you!
You punch the flying skull!
You destroy the flying skull!
Your Fighting skill increases to level 5!
Your Dodging skill increases to level 4!
Your Unarmed Combat skill increases to level 9!
Your Shapeshifting skill increases to level 6!
You have reached level 6!
Your scales feel tougher.
The white imp hits you. The white imp freezes you.
You feel yourself slow down.
* * * LOW HITPOINT WARNING * * *
Items here: $ )) [.
You closely miss the white imp. You punch the white imp.
The white imp is moderately wounded.
The white imp barely misses you. x2
You punch the white imp!
You kill the white imp!
You feel yourself speed up.
You punch the river rat!
You kill the river rat!
Your Unarmed Combat skill increases to level 10!
You closely miss the orc priest. You punch the orc priest.
The orc priest is moderately wounded.
You hit the orc priest.
The orc priest is severely wounded.
The orc priest calls down the wrath of Beogh upon you.
Pain shoots through your body!
* * * LOW HITPOINT WARNING * * *
You hit the orc priest.
The orc priest is severely wounded.
The orc priest closely misses you.
You hit the orc priest.
The orc priest is almost dead.
The orc priest calls down the wrath of Beogh upon you.
Beogh smites you!
You die...
Your body crumbles into a pile of gold.

#'#####'#####.....
#.#.....#..##.....
#.#.....#))#####'#
#.###)###))##.....
#.#.....#))##.....
#.#....)#[[##.....
#.####)##'###...<.
#.#...)....##.....
#h#........##.....
#o###########.....
#.. ###### #..#
#... ##.## .. .#


You could see an orc priest.

Vanquished Creatures
  A flying skull (D)
  A necrophage (D)
  An orc priest (D)
  A gnoll bouda (D)
  3 gnolls (D)
  A river rat (D)
  A white imp (D)
  2 ufetubi (D)
  An adder zombie (D)
  2 orcs (D)
  A giant cockroach (D)
  A kobold (D)
  A quokka (D)
  A ball python skeleton (D)
  A rat (D)
19 creatures vanquished.

Notes
Turn   | Place    | Note
-------+----------+-------------------------------------------
     0 | D        | rocky1 the Draconian Shapeshifter began the quest for the
                  | Orb.
     0 | D        | Reached XP level 1. HP: 16/16 MP: 1/1
    41 | D        | Found a bloodstained altar of Trog.
    41 | D        | Found a shimmering blue altar of Sif Muna.
    41 | D        | Found a viscous altar of Jiyva.
    41 | D        | Found a hazy altar of Hepliaklqana.
    41 | D        | Found an opulent altar of Gozag.
    42 | D        | Found a glowing golden altar of the Shining One.
    42 | D        | Found a glowing silver altar of Zin.
    42 | D        | Found a basalt altar of Yredelemnul.
    42 | D        | Found a shimmering altar of Xom.
    42 | D        | Found an ornate altar of the Wu Jian Council.
    42 | D        | Found a sacrificial altar of Ru.
    42 | D        | Found a stormy altar of Qazlal.
    42 | D        | Found an iron altar of Okawaru.
    42 | D        | Found a sparkling altar of Nemelex Xobeh.
    42 | D        | Found a burning altar of Makhleb.
    42 | D        | Found a blossoming altar of Fedhas.
    42 | D        | Found a white marble altar of Elyvilon.
    42 | D        | Found a shadowy altar of Dithmenos.
    42 | D        | Found a snail-covered altar of Cheibriados.
    45 | D        | Found a corrupted altar of Lugonu.
    45 | D        | Found a radiant altar of Vehumet.
    46 | D        | Found an ancient bone altar of Kikubaaqudgha.
    46 | D        | Found a hide-covered altar of Uskayaw.
    46 | D        | Found a broken altar of Ashenzari.
    49 | D        | Became a worshipper of Gozag Ym Sagoz the Greedy
    66 | D        | Reached XP level 2. HP: 18/24 MP: 2/2
    94 | D        | Reached skill level 4 in Unarmed Combat
   212 | D        | Reached XP level 3. HP: 30/30 MP: 3/3
   224 | D        | Reached skill level 5 in Unarmed Combat
   230 | D        | Reached XP level 4. HP: 16/38 MP: 4/4
   380 | D        | Noticed a necrophage
   380 | D        | Noticed a flying skull
   384 | D        | Reached skill level 6 in Unarmed Combat
   393 | D        | Killed a necrophage
   394 | D        | Reached skill level 7 in Unarmed Combat
   394 | D        | Reached skill level 5 in Shapeshifting
   394 | D        | Reached XP level 5. HP: 33/46 MP: 5/5
   403 | D        | Reached skill level 8 in Unarmed Combat
   414 | D        | Killed a flying skull
   415 | D        | Reached skill level 5 in Fighting
   415 | D        | Reached skill level 9 in Unarmed Combat
   415 | D        | Reached XP level 6. HP: 17/56 MP: 6/6
   419 | D        | Reached skill level 10 in Unarmed Combat
   422 | D        | Killed from afar by an orc priest

Illustrated notes

Levels and vault maps discovered:
D:        pitsprint [storerooms_1, entrance_room_1, metal_vault_2, armoury_3,
          mini_pit_1, grid_room_1, main_hall_1, silver_pit, the_coven_1,
          the_vestibule_1, steel_vault_5, golden_pit, hallway_of_sentries,
          crystal_vault_4, iron_vault_1, final_vault]

Skill      XL: |  1  2  3  4  5  6 |
---------------+-------------------+-----
Dodging        | 2 3 4 |  4.7
Unarmed Combat | 4 5 7 9 10 | 10.0
Fighting       | 2 3 5 |  5.1
Shapeshifting  | 4 5 6 |  6.3
Stealth        | |  0.9

Action                     |  1- 3 |  4- 6 || total
---------------------------+-------+-------++-------
  Melee: Unarmed           |    32 |    37 ||    69
         Punch             |     1 |     2 ||     3
         Tailslap          |     1 |     2 ||     3
    Use: Potion            |     2 |     3 ||     5
 Armour: Skin              |     7 |     5 ||    12
  Dodge: Dodged            |    30 |    18 ||    48

Table legend: (Time is in decaauts)
 A = Elapsed time spent in this place.
 B = Non-inter-level travel time spent in this place.
 C = Inter-level travel time spent in this place.
 D = Time resting spent in this place.
 E = Time spent auto-exploring this place.
 F = Levels seen in this place.
 G = Mean time per level.
                   A        B        C        D        E       F      G
               +--------+--------+--------+--------+--------+-----+--------+
         Total |    419 |    400 |     19 |    214 |      0 |   1 |  419.0 |
       Dungeon |    419 |    400 |     19 |    214 |      0 |   1 |  419.0 |
               +--------+--------+--------+--------+--------+-----+--------+

Top non-repeatable levels by time:
       D: 419 daAuts
